 Dungeon Sprint DCSS version 0.16-a0-44-gd96af6c (webtiles) character file.

810 Crauler the Martial Artist (level 7, -2/60 HPs)
             Began as an Octopode Transmuter on Aug 5, 2014.
             Was a High Priest of Makhleb.
             Slain by a tarantella (7 damage)
             ... summoned by a deep elf summoner
             ... in the Dungeon (Sprint V: "Ziggurat Sprint").
             The game lasted 00:06:00 (534 turns).

Crauler the Martial Artist (Octopode Transmuter)     Turns: 534, Time: 00:06:01

HP  -2/60        AC  7     Str 10      XL: 7   Next: 92%
MP  16/20        EV 19     Int 15      God: Makhleb [*****.]
Gold 0           SH  0     Dex 26      Spells:  4 memorised,  5 levels left

rFire  x . .     SeeInvis .     P - melded +3 rod of clouds (6/12)
rCold  + + +     Clarity  .     (shield currently unavailable)
rNeg   . . .     rCorr    .     (helmet currently unavailable)
rPois  +         rRot     .     (no amulet)
rElec  .         Spirit   .     D - +6 ring of dexterity
SustAb .         Warding  .     E - +6 ring of dexterity
rMut   .         NoTele   +     F - melded +6 ring of intelligence
Gourm  .                        G - melded +6 ring of intelligence
MR     .....                    H - melded +6 ring of strength
                                I - melded +6 ring of strength
                                N - melded cursed ring "Thrysitt" {MR+ Int+2 Slay-2 Stlth+}
                                O - melded ring of Noquxudd {rN+ Dex-1 Int+4}

@: ice-form, slowed, very slow, not resistant to hostile enchantments,
unstealthy
A: almost no armour, amphibious, (8 rings), (constrict 8), (camouflage 0),
(gelatinous body 0)
a: End Transformation, Minor Destruction, Lesser Servant of Makhleb, Major
Destruction, Greater Servant of Makhleb, Renounce Religion


You were in the Dungeon.
You worshipped Makhleb.
Makhleb was extremely pleased with you.
You were not hungry.
You were a creature of crystalline ice.
You visited 1 branch

Inventory:

Hand weapons
 K - the +7 Singing Sword
   (You found it in the Dungeon)
 L - a +5 quick blade
Missiles
 b - 1012 arrows
Armour
 J - the +18 shield of the gong {rElec rN+ MR+ EV-5}
   (You found it in the Dungeon)

   It affects your evasion (-5).
   It insulates you from electricity.
   It protects you from negative energy.
   It affects your resistance to hostile enchantments.
Magical devices
 y - a wand of disintegration (7)
 A - a wand of fire (5)
 B - a wand of cold (5)
 C - a wand of draining (5)
 M - a wand of heal wounds (7)
Comestibles
 a - 5 bread rations
 x - 42 fruits
 z - 4 meat rations
Scrolls
 j - 4 scrolls of blinking
 q - 4 scrolls of amnesia
 r - 3 scrolls of recharging
 s - 7 scrolls of fog
 t - a scroll of holy word
 u - 5 scrolls of identify
 v - 5 scrolls of remove curse
 w - 2 scrolls of fear
 Q - 4 scrolls of enchant armour
Jewellery
 D - a +6 ring of dexterity (left paw)
 E - a +6 ring of dexterity (right paw)
 F - a +6 ring of intelligence (melded)
 G - a +6 ring of intelligence (melded)
 H - a +6 ring of strength (melded)
 I - a +6 ring of strength (melded)
 N - the cursed ring "Thrysitt" (melded) {MR+ Int+2 Slay-2 Stlth+}
   (You found it in the Dungeon)

   [ring of slaying]

   It affects your intelligence (+2).
   It affects your accuracy and damage with ranged weapons and melee attacks
   (-2).
   It affects your resistance to hostile enchantments.
   It makes you more stealthy.
   It has a curse placed upon it.
 O - the ring of Noquxudd (melded) {rN+ Dex-1 Int+4}
   (You found it in the Dungeon)

   [ring of positive energy]

   It affects your intelligence (+4).
   It affects your dexterity (-1).
   It protects you from negative energy.
Potions
 c - 2 potions of brilliance
 e - 9 potions of curing
 f - 9 potions of heal wounds
 g - 6 potions of haste
 h - 7 potions of magic
 i - 3 potions of berserk rage
 k - 2 potions of invisibility
 l - 2 potions of restore abilities
 m - 4 potions of resistance
 o - 5 potions of agility
 p - 5 potions of might
Books
 d - a book of Changes

   Spells                             Type                      Level
   *Beastly Appendage                 Transmutation                1
   Sticks to Snakes                   Transmutation                2
   *Spider Form                       Transmutation/Poison         3
   *Ice Form                          Ice/Transmutation            4
   *Blade Hands                       Transmutation                5
 n - a book of Dreams

   Spells                             Type                      Level
   Ensorcelled Hibernation            Hexes/Ice                    2
   Flight                             Charms/Air                   3
   Phase Shift                        Translocation                5
   Shadow Creatures                   Summoning                    5
   Mass Confusion                     Hexes                        6
   Darkness                           Hexes                        7
 R - a book of Summonings

   Spells                             Type                      Level
   Abjuration                         Summoning                    3
   Recall                             Summoning/Translocation      3
   Shadow Creatures                   Summoning                    5
   Summon Demon                       Summoning                    5
   Summon Forest                      Summoning/Translocation      5
   Monstrous Menagerie                Summoning                    6
Rods
 P - a +3 rod of clouds (6/12) (melded)
   (You found it in the Dungeon)


   Skills:
 + Level 5.2 Fighting
 * Level 8.7 Dodging
 * Level 9.4 Unarmed Combat
 + Level 6.3 Spellcasting
 * Level 8.7 Transmutations
 + Level 0.0 Invocations


You had 5 spell levels left.
You knew the following spells:

 Your Spells              Type           Power        Failure   Level  Hunger
a - Beastly Appendage     Trmt           ####..       1%          1    None
b - Spider Form           Trmt/Pois      ###.......   10%         3    ###....
c - Ice Form              Ice/Trmt       ###.....     28%         4    ####...
d - Blade Hands           Trmt           ####......   14%         5    #####..


Dungeon Overview and Level Annotations

Branches:
Dungeon (1/1)

Altars:
Ashenzari
Cheibriados
Dithmenos
Elyvilon
Fedhas
Gozag
Kikubaaqudgha
Makhleb
Nemelex Xobeh
Okawaru
Qazlal
Sif Muna
Trog
Vehumet
Xom
Yredelemnul
Zin
The Shining One
Beogh
Jiyva
Lugonu


Innate Abilities, Weirdness & Mutations

You cannot wear most types of armour.
You are amphibious.
((You can wear up to eight rings at the same time.))
((You can use your tentacles to constrict many enemies at once.))
((Your skin changes colour to match your surroundings (Stealth).))
((Your rubbery body absorbs attacks (AC +1).))


Message History

The deep elf summoner gestures wildly while chanting.
The deep elf summoner blinks!
The deep elf priest utters a dark prayer and points at you.
Your life force is offered up.
* * * LOW HITPOINT WARNING * * *
The tarantella misses you. The jumping spider misses you.
The jumping spider closely misses you. The redback misses you.
Unknown command.
Unknown command.
Unknown command.
Unknown command.
Unknown command.
You hit the deep elf priest but do no damage.
The tarantella bites you.
* * * LOW HITPOINT WARNING * * *
The jumping spider closely misses you. x2
The redback bites you!
* * * LOW HITPOINT WARNING * * *
The tarantella bites you!
You die...

▓......).▓........▓
▓▓▓▓▓▓▓▓▓▓▓▓▓▓▓▓▓▓▓
▓..8©8..▓ ▓..P:[..▓
▓..}:ee.▓ ▓...§*§.▓
▓..ews§.▓ ▓....ss.▓
▓...eYs.▓ ▓.▓..s▓.▓
▓.......▓ ▓▓▓▓▓▓▓▓▓


You could see a torpor snail, a deep elf summoner, a jumping spider, a deep elf
priest, a tarantella, 3 redbacks and 2 deep elf magi.

Vanquished Creatures
  A wolf (D)
  2 spriggans (D)
  A black bear (D)
  2 scorpions (D)
  2 crimson imps (D)
  A quasit (D)
  2 iron imps (D)
  2 orc wizards (D)
  A giant mite (D)
  2 white imps (D)
  2 orcs (D)
18 creatures vanquished.

Notes
Turn   | Place    | Note
--------------------------------------------------------------
     0 | D        | Crauler, the Octopode Transmuter, began the quest for the Orb.
     0 | D        | Reached XP level 1. HP: 13/13 MP: 3/3
     0 | D        | Found a roughly hewn altar of Beogh.
     0 | D        | Found an ancient bone altar of Kikubaaqudgha.
     1 | D        | Found a corrupted altar of Lugonu.
     1 | D        | Found a white marble altar of Elyvilon.
     2 | D        | Found a burning altar of Makhleb.
     2 | D        | Found an iron altar of Okawaru.
     4 | D        | Found a sparkling altar of Nemelex Xobeh.
     4 | D        | Found a basalt altar of Yredelemnul.
     4 | D        | Found a deep blue altar of Sif Muna.
     4 | D        | Found a radiant altar of Vehumet.
    11 | D        | Found a bloodstained altar of Trog.
    30 | D        | Found a shimmering altar of Xom.
    46 | D        | Reached skill level 4 in Dodging
    46 | D        | Reached XP level 2. HP: 18/18 MP: 4/6
    72 | D        | Became a worshipper of Makhleb the Destroyer
    75 | D        | Entered arena 1.
    75 | D        | Noticed a crimson imp
    75 | D        | Noticed an iron imp
    80 | D        | Killed an iron imp
    80 | D        | Reached skill level 5 in Unarmed Combat
    80 | D        | Reached XP level 3. HP: 23/23 MP: 7/9
    81 | D        | Killed a crimson imp
    81 | D        | Reached skill level 6 in Unarmed Combat
    81 | D        | Reached XP level 4. HP: 27/29 MP: 8/11
    86 | D        | Learned a level 3 spell: Spider Form
    91 | D        | Learned a level 4 spell: Ice Form
   105 | D        | Entered arena 2.
   105 | D        | Noticed a scorpion
   105 | D        | Noticed a scorpion
   109 | D        | Acquired Makhleb's first power
   109 | D        | Reached skill level 5 in Dodging
   112 | D        | Killed a scorpion
   112 | D        | Reached skill level 5 in Transmutations
   112 | D        | Reached XP level 5. HP: 30/35 MP: 13/13
   114 | D        | Killed a scorpion
   114 | D        | Reached skill level 7 in Unarmed Combat
   121 | D        | Learned a level 5 spell: Blade Hands
   127 | D        | Entered arena 3.
   127 | D        | Noticed an orc wizard
   127 | D        | Noticed an orc wizard
   133 | D        | Killed an orc wizard
   133 | D        | Acquired Makhleb's second power
   136 | D        | Killed an orc wizard
   136 | D        | Reached skill level 5 in Spellcasting
   136 | D        | Reached XP level 6. HP: 23/42 MP: 13/17
   151 | D        | Got the cursed ring "Thrysitt" {MR+ Int+2 Slay-2 Stlth+}
   370 | D        | Entered arena 4.
   370 | D        | Noticed a spriggan
   370 | D        | Noticed a black bear
   370 | D        | Noticed a spriggan
   370 | D        | Noticed a wolf
   383 | D        | Killed a wolf
   383 | D        | Acquired Makhleb's third power
   383 | D        | Reached skill level 8 in Unarmed Combat
   387 | D        | Killed a spriggan
   387 | D        | Reached XP level 7. HP: 40/49 MP: 7/19
   388 | D        | Killed a spriggan
   390 | D        | Killed a black bear
   390 | D        | Reached skill level 5 in Fighting
   390 | D        | Reached skill level 9 in Unarmed Combat
   398 | D        | Got the ring of Noquxudd {rN+ Dex-1 Int+4}
   502 | D        | Entered arena 5.
   502 | D        | Noticed an iron imp
   502 | D        | Noticed a quasit
   502 | D        | Noticed a crimson imp
   505 | D        | Killed a quasit
   505 | D        | Acquired Makhleb's fourth power
   507 | D        | Killed a crimson imp
   509 | D        | Killed an iron imp
   510 | D        | Acquired Makhleb's fifth power
   528 | D        | Entered arena 6.
   528 | D        | Noticed a deep elf summoner
   528 | D        | Noticed a deep elf priest
   528 | D        | Noticed a torpor snail
   528 | D        | Noticed a deep elf mage
   528 | D        | Noticed a deep elf mage
   529 | D        | Identified a +3 rod of clouds (12/12) (You found it in the Dungeon)
   531 | D        | Noticed a tarantella
   531 | D        | Noticed a redback
   531 | D        | Noticed a jumping spider
   533 | D        | Noticed a redback
   533 | D        | Noticed a redback
   534 | D        | Slain by a tarantella

Action                   |  1- 3 |  4- 6 |  7- 9 || total
-------------------------+-------+-------+-------++-------
Melee: Bastard sword     |     3 |     7 |       ||    10
       Unarmed           |       |    18 |     9 ||    27
 Cast: Spider Form       |       |     1 |       ||     1
       Ice Form          |       |     1 |     1 ||     2
       Blade Hands       |       |       |     1 ||     1
Evoke: Rod               |       |       |     1 ||     1
  Use: Potion            |     1 |     2 |       ||     3
